Map: Triton LE

Players

AqueroN - Winner!

  • Race: Terran Terran
  • League: Grandmaster
  • Spawn Location: 5:00

BlyOnFire (Bly)

  • Race: Zerg Zerg
  • League: Grandmaster
  • Spawn Location: 11:00

Event: NationWars 2019

VOD

Have the link to the VOD?

Description

Time

  • Played on: Sept. 30, 2019, 10:45 a.m.
  • Length: 20:03

All games in this series

Show
View Real Time Build Order
Export as new Build Order

AqueroN Terran - Winner!

Build Orders: Gas First Reaper Expand, Hellion Opening 

Get SALT Encoding   

  12  0:00  SCV  
  13  0:12  SCV  
  14  0:17  Supply Depot  
  14  0:25  SCV  
  15  0:31  Refinery  
  15  0:39  SCV  
  16  0:44  Barracks  
  16  0:51  SCV  
  17  1:03  SCV  
  18  1:15  SCV  
  19  1:31  Orbital Command, Reaper  
  20  1:42  Command Center  
  20  1:53  Factory  
  20  1:57  SCV  
  21  2:08  Barracks Reactor, Supply Depot  
  21  2:11  SCV  
  22  2:19  Refinery  
  22  2:23  SCV  
  23  2:35  SCV  
  23  2:47  SCV  
  23  2:50  Starport  
  24  2:51  Hellion  
  24  2:52  Hellion  
  24  2:56  Orbital Command  
  28  2:59  SCV  
  28  3:03  Marine  
  30  3:11  SCV  
  31  3:13  Hellion  
  33  3:21  Hellion  
  33  3:23  SCV, Barracks Tech Lab  
  36  3:33  Viking  
  38  3:37  Hellion  
  40  3:41  SCV  
  40  3:43  Hellion  
  40  3:46  Marauder, Concussive Shells  
  45  3:49  Supply Depot  
  45  3:58  SCV  
  46  4:10  Medivac  
  46  4:11  Marauder, Hellion x2  
  46  4:15  Armory  
  54  4:19  SCV  
  54  4:22  SCV  
  56  4:26  Supply Depot  
  56  4:31  SCV  
  57  4:34  SCV  
  60  4:43  SCV  
  61  4:46  SCV  
  61  4:47  Hellion  
  61  4:48  Hellion  
  61  4:50  Fusion Core  
  61  4:51  Supply Depot  
  64  4:57  SCV  
  64  4:59  SCV  
  64  5:08  Hellion  
  64  5:09  SCV, Hellion  
  64  5:11  SCV  
  64  5:21  SCV  
  64  5:23  SCV  
  66  5:29  Hellion x2  
  66  5:34  SCV  
  57  5:42  Hellion x2  
  59  5:49  SCV x2  
  52  5:53  Command Center  
  50  6:07  Battlecruiser  
  50  6:08  Terran Ship Weapons Level 1  
  50  6:09  Weapon Refit  
  57  6:11  SCV  
  57  6:14  SCV  
  58  6:20  Supply Depot, Hellion  
  58  6:21  Hellion  
  58  6:24  SCV  
  63  6:26  SCV  
  63  6:32  Refinery x2  
  64  6:36  SCV  
  64  6:37  Supply Depot  
  64  6:39  SCV  
  66  6:41  Hellion  
  66  6:43  Hellion  
  70  6:49  SCV  
  70  6:51  SCV  
  72  7:01  SCV  
  73  7:03  SCV, Hellion  
  73  7:04  Hellion  
  73  7:05  Orbital Command  
  78  7:11  Battlecruiser  
  84  7:18  SCV x2  
  86  7:24  Hellion  
  86  7:25  Hellion  
  86  7:36  SCV  
  70  7:45  Hellion  
  64  7:52  SCV  
  61  7:59  Hellion  
  61  8:00  SCV x2  
  56  8:05  SCV  
  56  8:07  Hellion  
  56  8:09  Starport  
  38  8:42  SCV x2  
  38  8:43  SCV  
  33  8:49  Starport Tech Lab  
  33  8:54  SCV x2  
  30  9:00  SCV  
  24  9:06  SCV  
  24  9:08  Battlecruiser  
  24  9:09  SCV  
  28  9:12  SCV  
  28  9:18  SCV  
  28  9:21  SCV  
  28  9:23  Hellion  
  30  9:29  SCV  
  30  9:30  SCV  
  31  9:33  SCV  
  31  9:41  SCV  
  30  9:46  SCV x2  
  30  9:59  SCV  
  32  10:00  SCV x2  
  33  10:12  SCV x2, Hellion  
  32  10:25  Battlecruiser  
  37  10:28  SCV  
  36  10:39  SCV x2  
  33  10:56  Hellion  
  25  11:13  SCV  
  24  11:19  SCV x2  
  23  11:36  SCV x2  
  24  12:00  SCV  
  25  12:21  SCV  
  26  12:27  SCV x2  
  19  12:56  Hellion  
  20  13:07  Orbital Command  
  20  13:42  Orbital Command  
  18  15:39  Orbital Command  
  18  16:38  Orbital Command  
Show
View Real Time Build Order
Export as new Build Order

BlyOnFire Zerg 

Build Orders: Hatch First 

Get SALT Encoding   

  12  0:02  Drone  
  13  0:12  Overlord  
  13  0:17  Drone  
  14  0:31  Drone x2  
  16  0:48  Hatchery  
  15  0:52  Drone  
  15  0:55  Drone  
  17  0:58  Drone  
  18  1:11  Extractor  
  17  1:14  Spawning Pool  
  17  1:16  Drone  
  17  1:19  Drone  
  18  1:29  Drone  
  19  1:40  Drone  
  20  1:53  Overlord  
  20  2:00  Queen x2  
  24  2:02  Zergling x4  
  26  2:12  Drone x2  
  26  2:15  Metabolic Boost  
  28  2:30  Extractor  
  28  2:31  Drone x2  
  29  2:39  Queen  
  29  2:40  Drone  
  29  2:41  Overlord  
  31  2:47  Drone x2  
  33  3:00  Hatchery  
  33  3:01  Drone x2  
  34  3:07  Overlord  
  34  3:12  Zergling x6  
  37  3:13  Zergling x2  
  37  3:20  Drone x2  
  39  3:27  Overlord  
  39  3:32  Drone  
  40  3:37  Queen  
  40  3:41  Drone x2  
  44  3:45  Drone x6  
  50  3:51  Drone  
  49  4:04  Lair  
  49  4:06  Zergling x4  
  51  4:10  Extractor  
  51  4:11  Extractor  
  51  4:13  Overlord  
  51  4:15  Roach Warren, Drone x4  
  52  4:20  Zergling x6  
  55  4:26  Overlord  
  55  4:31  Overlord  
  55  4:33  Overlord  
  53  4:42  Drone x3  
  53  4:43  Drone, Overlord  
  57  4:49  Overlord  
  57  4:58  Spore Crawler  
  56  5:00  Roach x5  
  56  5:06  Roach x2  
  70  5:08  Roach  
  70  5:13  Roach x2  
  73  5:21  Roach x4  
  73  5:26  Roach x2  
  81  5:29  Roach  
  81  5:33  Zergling x2  
  81  5:34  Zergling x4  
  70  5:43  Glial Reconstitution  
  70  5:47  Roach x3  
  69  6:04  Nydus Network  
  69  6:05  Queen x2  
  72  6:15  Queen  
  74  6:20  Overlord  
  74  6:23  Overseer x2  
  74  6:31  Roach x4  
  82  6:34  Zergling x6  
  82  6:35  Zergling x2  
  85  6:59  Spore Crawler  
  85  7:00  Spore Crawler  
  83  7:04  Nydus Canal  
  80  7:10  Drone x6  
  82  7:27  Nydus Canal  
  78  7:35  Roach x6  
  78  7:36  Queen x2  
  88  7:44  Nydus Canal  
  88  7:49  Roach  
  88  7:50  Roach x2  
  85  7:54  Roach x2, Overlord  
  84  7:59  Roach  
  84  8:05  Spore Crawler  
  81  8:06  Spore Crawler  
  81  8:07  Spore Crawler  
  81  8:09  Roach x6  
  81  8:11  Nydus Canal  
  87  8:15  Zergling x2  
  87  8:16  Zergling x2  
  87  8:18  Spore Crawler  
  82  8:20  Spore Crawler  
  82  8:24  Queen  
  77  8:37  Queen x2  
  65  8:49  Roach x5  
  65  8:55  Spore Crawler  
  64  8:56  Spore Crawler  
  51  9:25  Roach x2  
  51  9:29  Spore Crawler x2  
  51  9:30  Spore Crawler  
  50  9:31  Spore Crawler  
  47  9:39  Roach x8  
  59  9:50  Queen x2  
  55  10:11  Roach x6  
  59  10:25  Roach  
  59  10:26  Roach x4  
  51  10:54  Queen x2  
  47  10:59  Zergling x2  
  47  11:00  Zergling x16  
  54  11:11  Spore Crawler  
  54  11:14  Spore Crawler  
  50  11:18  Drone x3  
  42  11:36  Spore Crawler  
  42  11:37  Spore Crawler, Overseer x2  
  42  11:38  Spore Crawler  
  32  11:40  Queen x2  
  32  11:43  Drone x2  
  37  12:01  Spire  
  36  12:04  Spore Crawler  
  35  12:09  Zergling x16  
  35  12:12  Nydus Canal  
  38  12:35  Spore Crawler x2  
  35  12:37  Spore Crawler  
  35  12:42  Queen  
  33  12:54  Spire  
  33  12:55  Spore Crawler  
  29  13:03  Drone x2  
  29  13:04  Drone  
  30  13:23  Queen  
  30  13:24  Drone x3  
  30  13:25  Drone x2  
  39  13:32  Spore Crawler  
  38  13:39  Spore Crawler  
  37  13:43  Spore Crawler  
  37  13:44  Spore Crawler  
  37  13:47  Spore Crawler  
  28  14:07  Spore Crawler  
  18  14:38  Hatchery  
  17  15:37  Hatchery  
  10  17:22  Spawning Pool  
  9  17:27  Drone x2  
  10  17:33  Drone  
  11  17:40  Drone  
  12  17:49  Drone  
  13  18:12  Spore Crawler  
  12  18:13  Drone  
  12  18:14  Spore Crawler  
  12  18:15  Spore Crawler  
  11  18:21  Drone  
  12  18:30  Spore Crawler  
  10  18:52  Spore Crawler  
  10  18:53  Spore Crawler  
  8  18:57  Drone  
Tags
 
Add a new tag
Caveats
  • Supply blocks, unpowered buildings, or Contaminate may cause inaccurate times.
  • Supply counts are checked every 10 seconds.